[ AOE2 MATCH · #507807917 ]
UnrankedTeutons vs Bengalis
Player's team · WIN
[ REPLAY ANALYSIS · EXTRACTED FROM THE RECORDED GAME ]
Feudal
8:27
Castle
23:40
Imperial
—
| APM avg | 55.9 |
| APM peak | 89 |
| eAPM avg | 32.7 |
| Villagers / military | 116 / 33 |
Focus
⚔️ 26.6% · 🌾 73.4%
Scout Cavalry ×19 · Mangonel ×9 · Archer ×5
Feudal
9:27
Castle
25:43
Imperial
—
| APM avg | 38.6 |
| APM peak | 77 |
| eAPM avg | 24.3 |
| Villagers / military | 114 / 19 |
Focus
⚔️ 28.2% · 🌾 71.8%
Monk ×10 · Ratha (Ranged) ×5 · Armored Elephant ×3 · Mangonel ×1
Match map
Initial resources + every placement click. Lines = walls · curves = elevation contours. ◆ gold · ⬟ stone · ● berries · ✦ relic · ◌ wall gap
Your base· ✓ Closed at 23:40 · 10t walls · 4 gate(s)
Fs.Correia banhada a óleo's base· ✓ Closed at 25:43 · 23t walls · 7 gate(s)
Smoothed initial terrain · ◌ = detected wall gap · hover for details
Inputs per minute
— Guthrie_Govan - - Fs.Correia banhada a óleo
Build order — Guthrie_Govan
First 150 of 296 actions detected
| 0:00 | Create | Villager (Male) |
| 0:01 | Create | Villager (Male) |
| 0:01 | Create | Villager (Male) |
| 0:01 | Create | Villager (Male) |
| 0:02 | Build | House |
| 0:04 | Build | House |
| 1:40 | Create | Villager (Male) |
| 1:41 | Create | Villager (Male) |
| 1:56 | Create | Villager (Male) |
| 1:56 | Create | Villager (Male) |
| 2:20 | Create | Villager (Male) |
| 2:21 | Create | Villager (Male) |
| 2:21 | Create | Villager (Male) |
| 2:27 | Build | Lumber Camp |
| 2:53 | Create | Villager (Male) |
| 2:53 | Create | Villager (Male) |
| 3:11 | Create | Villager (Male) |
| 3:11 | Create | Villager (Male) |
| 3:13 | Create | Villager (Male) |
| 3:38 | Create | Villager (Male) |
| 3:52 | Build | House |
| 4:14 | Create | Villager (Male) |
| 4:15 | Create | Villager (Male) |
| 4:15 | Create | Villager (Male) |
| 4:36 | Build | Palisade Wall |
| 4:46 | Create | Villager (Male) |
| 4:54 | Build | Mining Camp |
| 5:20 | Create | Villager (Male) |
| 6:17 | Research | Feudal Age |
| 6:17 | Research | Feudal Age |
| 6:57 | Research | Loom |
| 6:57 | Research | Loom |
| 7:42 | Build | House |
| 8:11 | Build | House |
| 8:27 | Age | Feudal Age |
| 8:28 | Build | Watch Tower |
| 8:33 | Create | Villager (Male) |
| 8:35 | Build | Blacksmith |
| 9:18 | Research | Double-Bit Axe |
| 9:18 | Research | Double-Bit Axe |
| 9:19 | Create | Villager (Male) |
| 9:20 | Create | Villager (Male) |
| 9:30 | Build | Watch Tower |
| 9:35 | Build | Palisade Wall |
| 10:20 | Create | Villager (Male) |
| 10:25 | Build | House |
| 11:10 | Research | Fletching |
| 11:10 | Research | Fletching |
| 11:35 | Create | Villager (Male) |
| 11:35 | Create | Villager (Male) |
| 12:05 | Build | House |
| 12:09 | Create | Villager (Male) |
| 12:09 | Create | Villager (Male) |
| 12:15 | Build | Mill |
| 12:53 | Create | Villager (Male) |
| 12:53 | Create | Villager (Male) |
| 12:55 | Build | House |
| 13:30 | Create | Villager (Male) |
| 13:30 | Create | Villager (Male) |
| 13:30 | Create | Villager (Male) |
| 13:32 | Build | Farm |
| 13:36 | Build | Farm |
| 13:36 | Build | Farm |
| 13:37 | Build | Farm |
| 13:38 | Build | Farm |
| 13:40 | Build | Farm |
| 13:41 | Build | Farm |
| 13:56 | Build | Watch Tower |
| 14:13 | Build | Stone Wall |
| 14:16 | Build | Gate |
| 14:49 | Build | Palisade Wall |
| 14:56 | Create | Villager (Male) |
| 14:58 | Build | Farm |
| 14:59 | Build | Farm |
| 15:01 | Build | Mining Camp |
| 15:34 | Build | Stone Wall |
| 15:38 | Build | Stone Wall |
| 15:50 | Build | Stone Wall |
| 15:52 | Build | Stone Wall |
| 15:55 | Create | Villager (Male) |
| 16:00 | Create | Villager (Male) |
| 16:02 | Create | Villager (Male) |
| 16:04 | Build | Farm |
| 16:05 | Build | House |
| 17:15 | Create | Villager (Male) |
| 17:19 | Create | Villager (Male) |
| 17:22 | Build | Farm |
| 17:23 | Build | Farm |
| 17:24 | Build | Farm |
| 17:39 | Create | Villager (Male) |
| 17:49 | Build | Watch Tower |
| 17:51 | Create | Villager (Male) |
| 18:00 | Create | Villager (Male) |
| 18:23 | Create | Villager (Male) |
| 18:24 | Create | Villager (Male) |
| 18:29 | Build | Stone Wall |
| 18:31 | Build | Watch Tower |
| 18:36 | Create | Villager (Male) |
| 19:00 | Create | Villager (Male) |
| 19:06 | Build | House |
| 19:07 | Build | House |
| 19:49 | Build | Market |
| 20:22 | Build | Stone Wall |
| 20:23 | Build | Stone Wall |
| 20:24 | Create | Villager (Male) |
| 20:54 | Research | Castle Age |
| 20:54 | Research | Castle Age |
| 21:25 | Create | Villager (Male) |
| 22:10 | Build | Lumber Camp |
| 23:16 | Research | Horse Collar |
| 23:40 | Age | Castle Age |
| 23:44 | Research | Bodkin Arrow |
| 23:44 | Research | Bodkin Arrow |
| 23:44 | Research | Bodkin Arrow |
| 23:45 | Create | Villager (Male) |
| 23:52 | Create | Villager (Male) |
| 24:29 | Create | Villager (Male) |
| 24:31 | Create | Villager (Male) |
| 24:58 | Create | Villager (Male) |
| 25:15 | Build | Siege Workshop |
| 25:19 | Create | Villager (Male) |
| 25:41 | Create | Villager (Male) |
| 26:01 | Create | Mangonel |
| 26:21 | Create | Villager (Male) |
| 26:25 | Research | Bow Saw |
| 26:25 | Research | Bow Saw |
| 26:26 | Create | Villager (Male) |
| 26:46 | Create | Villager (Male) |
| 27:07 | Create | Mangonel |
| 27:29 | Create | Villager (Male) |
| 27:37 | Build | University |
| 27:50 | Create | Villager (Male) |
| 28:21 | Research | Guard Tower (upgrade) |
| 28:21 | Research | Guard Tower (upgrade) |
| 28:28 | Create | Villager (Male) |
| 28:31 | Build | Town Center |
| 28:45 | Create | Villager (Male) |
| 29:07 | Create | Villager (Male) |
| 29:20 | Create | Mangonel |
| 29:33 | Create | Mangonel |
| 29:33 | Create | Villager (Male) |
| 29:54 | Create | Mangonel |
| 29:58 | Create | Villager (Male) |
| 29:59 | Create | Villager (Male) |
| 29:59 | Create | Villager (Male) |
| 30:02 | Build | Town Center |
| 30:18 | Create | Villager (Male) |
| 30:20 | Create | Villager (Male) |
| 30:21 | Create | Villager (Male) |
| 30:22 | Create | Villager (Male) |
Build order — Fs.Correia banhada a óleo
First 150 of 273 actions detected
| 0:02 | Create | Villager (Male) |
| 0:02 | Create | Villager (Male) |
| 0:03 | Create | Villager (Male) |
| 0:03 | Create | Villager (Male) |
| 0:04 | Build | House |
| 0:05 | Build | House |
| 1:51 | Create | Villager (Male) |
| 1:51 | Create | Villager (Male) |
| 1:52 | Create | Villager (Male) |
| 1:52 | Create | Villager (Male) |
| 2:17 | Create | Villager (Male) |
| 2:17 | Create | Villager (Male) |
| 2:25 | Build | Lumber Camp |
| 2:35 | Create | Villager (Male) |
| 2:35 | Create | Villager (Male) |
| 2:36 | Create | Villager (Male) |
| 3:12 | Create | Villager (Male) |
| 3:18 | Create | Villager (Male) |
| 3:39 | Build | House |
| 3:40 | Build | House |
| 3:49 | Create | Villager (Male) |
| 3:50 | Create | Villager (Male) |
| 4:01 | Create | Villager (Male) |
| 4:01 | Create | Villager (Male) |
| 4:02 | Create | Villager (Male) |
| 4:55 | Build | Mill |
| 4:56 | Create | Villager (Male) |
| 4:56 | Create | Villager (Male) |
| 5:05 | Create | Villager (Male) |
| 6:11 | Build | Mining Camp |
| 6:14 | Create | Villager (Male) |
| 6:35 | Create | Villager (Male) |
| 7:17 | Research | Feudal Age |
| 7:55 | Create | Villager (Male) |
| 7:56 | Research | Loom |
| 8:38 | Build | House |
| 8:44 | Build | House |
| 8:47 | Build | Palisade Wall |
| 9:02 | Build | Palisade Wall |
| 9:04 | Build | Palisade Wall |
| 9:27 | Build | Palisade Gate |
| 9:27 | Age | Feudal Age |
| 9:41 | Build | Palisade Wall |
| 9:42 | Build | Palisade Wall |
| 9:47 | Create | Villager (Male) |
| 9:48 | Create | Villager (Male) |
| 9:48 | Create | Villager (Male) |
| 9:55 | Build | House |
| 10:01 | Build | Watch Tower |
| 10:09 | Build | Mining Camp |
| 10:25 | Build | Gate |
| 11:04 | Create | Villager (Male) |
| 11:18 | Build | Blacksmith |
| 11:45 | Build | Gate |
| 12:05 | Create | Villager (Male) |
| 12:05 | Create | Villager (Male) |
| 12:26 | Research | Fletching |
| 12:26 | Create | Villager (Male) |
| 12:35 | Create | Villager (Male) |
| 12:49 | Create | Villager (Male) |
| 13:06 | Build | House |
| 13:07 | Build | House |
| 13:54 | Build | Market |
| 14:11 | Create | Villager (Male) |
| 14:11 | Create | Villager (Male) |
| 14:14 | Build | House |
| 14:15 | Build | Palisade Wall |
| 14:23 | Build | Palisade Wall |
| 14:26 | Build | Palisade Wall |
| 14:33 | Build | Mining Camp |
| 14:47 | Create | Villager (Male) |
| 14:56 | Create | Villager (Male) |
| 15:11 | Build | Watch Tower |
| 15:14 | Build | Farm |
| 15:16 | Build | Palisade Wall |
| 15:17 | Build | Palisade Wall |
| 15:48 | Create | Villager (Male) |
| 15:50 | Build | Farm |
| 15:52 | Build | Farm |
| 15:57 | Create | Villager (Male) |
| 15:58 | Create | Villager (Male) |
| 16:08 | Build | Palisade Wall |
| 16:10 | Build | Palisade Wall |
| 16:12 | Build | Palisade Wall |
| 16:24 | Build | Farm |
| 16:48 | Build | Farm |
| 16:51 | Build | Farm |
| 16:57 | Build | Farm |
| 17:01 | Build | Farm |
| 17:02 | Create | Villager (Male) |
| 17:27 | Build | Farm |
| 17:31 | Build | Gate |
| 17:34 | Build | House |
| 17:42 | Create | Villager (Male) |
| 17:58 | Build | Farm |
| 18:13 | Create | Villager (Male) |
| 18:13 | Create | Villager (Male) |
| 18:29 | Build | Palisade Gate |
| 18:30 | Build | Palisade Wall |
| 18:44 | Create | Villager (Male) |
| 18:57 | Create | Villager (Male) |
| 19:20 | Create | Villager (Male) |
| 19:36 | Create | Villager (Male) |
| 19:41 | Build | Mill |
| 20:03 | Build | Farm |
| 20:14 | Create | Villager (Male) |
| 20:15 | Create | Villager (Male) |
| 20:15 | Create | Villager (Male) |
| 20:18 | Build | Farm |
| 20:20 | Build | Farm |
| 20:21 | Create | Villager (Male) |
| 20:25 | Create | Villager (Male) |
| 20:45 | Build | Farm |
| 20:48 | Build | Farm |
| 20:51 | Create | Villager (Male) |
| 20:56 | Build | Farm |
| 20:57 | Create | Villager (Male) |
| 20:57 | Create | Villager (Male) |
| 20:58 | Create | Villager (Male) |
| 21:23 | Build | Lumber Camp |
| 21:24 | Research | Double-Bit Axe |
| 22:11 | Build | Mining Camp |
| 22:57 | Create | Villager (Male) |
| 23:03 | Research | Castle Age |
| 23:20 | Build | Watch Tower |
| 23:25 | Build | Watch Tower |
| 24:10 | Create | Villager (Male) |
| 24:10 | Create | Villager (Male) |
| 24:47 | Build | Watch Tower |
| 24:57 | Create | Villager (Male) |
| 24:57 | Create | Villager (Male) |
| 25:14 | Research | Gold Mining |
| 25:15 | Create | Villager (Male) |
| 25:15 | Create | Villager (Male) |
| 25:27 | Build | Farm |
| 25:28 | Build | Farm |
| 25:34 | Create | Villager (Male) |
| 25:34 | Create | Villager (Male) |
| 25:43 | Age | Castle Age |
| 25:47 | Create | Villager (Male) |
| 25:47 | Create | Villager (Male) |
| 25:50 | Build | House |
| 25:52 | Build | House |
| 26:02 | Build | Siege Workshop |
| 26:10 | Research | Bodkin Arrow |
| 26:11 | Create | Villager (Male) |
| 26:12 | Create | Villager (Male) |
| 26:12 | Create | Villager (Male) |
| 26:20 | Research | Stone Mining |
| 26:30 | Create | Villager (Male) |
Match timeline
| 4:36 | Guthrie_Govan · wall_segment Palisade Wall x1 |
| 8:27 | Guthrie_Govan · age_up feudal |
| 8:47 | Fs.Correia banhada a óleo · wall_segment Palisade Wall x4 |
| 9:02 | Fs.Correia banhada a óleo · wall_segment Palisade Wall x1 |
| 9:04 | Fs.Correia banhada a óleo · wall_segment Palisade Wall x8 |
| 9:27 | Fs.Correia banhada a óleo · age_up feudal |
| 9:35 | Guthrie_Govan · wall_segment Palisade Wall x1 |
| 9:41 | Fs.Correia banhada a óleo · wall_segment Palisade Wall x1 |
| 9:42 | Fs.Correia banhada a óleo · wall_segment Palisade Wall x1 |
| 14:13 | Guthrie_Govan · wall_segment Stone Wall x1 |
| 14:15 | Fs.Correia banhada a óleo · wall_segment Palisade Wall x1 |
| 14:23 | Fs.Correia banhada a óleo · wall_segment Palisade Wall x1 |
| 14:26 | Fs.Correia banhada a óleo · wall_segment Palisade Wall x1 |
| 14:31 | Fs.Correia banhada a óleo · first_market_buy 100 stone |
| 14:49 | Guthrie_Govan · wall_segment Palisade Wall x1 |
| 15:16 | Fs.Correia banhada a óleo · wall_segment Palisade Wall x1 |
| 15:17 | Fs.Correia banhada a óleo · wall_segment Palisade Wall x1 |
| 15:34 | Guthrie_Govan · wall_segment Stone Wall x1 |
| 15:38 | Guthrie_Govan · wall_segment Stone Wall x1 |
| 15:50 | Guthrie_Govan · wall_segment Stone Wall x1 |
| 15:52 | Guthrie_Govan · wall_segment Stone Wall x1 |
| 16:08 | Fs.Correia banhada a óleo · wall_segment Palisade Wall x1 |
| 16:10 | Fs.Correia banhada a óleo · wall_segment Palisade Wall x1 |
| 16:12 | Fs.Correia banhada a óleo · wall_segment Palisade Wall x1 |
| 18:29 | Guthrie_Govan · wall_segment Stone Wall x1 |
| 18:30 | Fs.Correia banhada a óleo · wall_segment Palisade Wall x1 |
| 20:22 | Guthrie_Govan · wall_segment Stone Wall x1 |
| 20:23 | Guthrie_Govan · wall_segment Stone Wall x1 |
| 23:40 | Guthrie_Govan · age_up castle |
| 23:52 | Fs.Correia banhada a óleo · first_market_sell 100 wood |
| 25:15 | Guthrie_Govan · first_building Siege Workshop |
| 25:43 | Fs.Correia banhada a óleo · age_up castle |
| 26:02 | Fs.Correia banhada a óleo · first_building Siege Workshop |
| 28:27 | Guthrie_Govan · first_market_buy 100 wood |
| 30:21 | Fs.Correia banhada a óleo · first_building Monastery |
| 30:32 | Fs.Correia banhada a óleo · first_building Castle |
| 30:44 | Guthrie_Govan · first_building Monastery |
| 33:45 | Guthrie_Govan · first_building Barracks |
| 34:35 | Guthrie_Govan · first_building Stable |
| 39:51 | Guthrie_Govan · first_building Castle |
| 40:47 | Guthrie_Govan · first_building Archery Range |
| 40:51 | Fs.Correia banhada a óleo · wall_segment Palisade Wall x1 |
| 40:54 | Fs.Correia banhada a óleo · wall_segment Palisade Wall x1 |
| 40:56 | Fs.Correia banhada a óleo · wall_segment Palisade Wall x1 |
| 41:07 | Fs.Correia banhada a óleo · first_building Barracks |
| 42:23 | Fs.Correia banhada a óleo · resign |
[ AI ANALYSIS · 1 CREDIT ]
What really happened in this match?
Wolo.gg analyzes every decision: build order, eco, micro, common mistakes by bracket. Personalized analysis on WhatsApp or Discord in 30 seconds.
Civ guide
Teutons
Perfil
Jugador #4224302